 Dungeon Crawl Stone Soup version 0.20.1-1-g8b1a95d (webtiles) character file.

1899 Sunburn the Thaumaturge (level 8, -1/62 HPs)
             Began as a Mummy Ice Elementalist on July 12, 2017.
             Was a Believer of Sif Muna.
             Slain by an orc warrior
             ... wielding a +0 long sword
              (7 damage)
             ... on level 5 of the Dungeon.
             The game lasted 00:26:36 (8273 turns).

Sunburn the Thaumaturge (Mummy Ice Elementalist)    Turns: 8273, Time: 00:26:37

Health: -1/62      AC: 17    Str: 17    XL:     8   Next: 93%
Magic:  12/20      EV: 12    Int: 17    God:    Sif Muna [**....]
Gold:   195        SH:  0    Dex: 12    Spells: 4/23 levels left

rFire    x . .     SeeInvis .   n - +2 halberd (chop)
rCold    + . .     Gourm    .   (shield currently unavailable)
rNeg     + + +     Faith    +   q - +2 robe {MR+}
rPois    ∞         Spirit   .   (no helmet)
rElec    .         Reflect  .   (no cloak)
rCorr    .         Harm     .   d - +2 pair of gloves
MR       ++...                  (no boots)
Stlth    ++........             s - amulet of faith
Regen    0.2/turn               i - +4 ring of protection
MPRegen  0.2/turn               f - +6 ring of strength

@: icy armour, slow
A: no food or potions, fire vulnerability, cold resistance 1, negative energy
resistance 3, torment resistance, unbreathing
a: Divine Energy, Renounce Religion


You were on level 5 of the Dungeon.
You worshipped Sif Muna.
Sif Muna was pleased with you.
You were not hungry.

You visited 2 branches of the dungeon, and saw 8 of its levels.

You collected 195 gold pieces.

Inventory:

Hand Weapons
 a - a +2 short sword of speed
 c - a +0 flail
 j - a +0 dagger
 n - a +2 halberd of chopping (weapon)
 o - a +2 quarterstaff of distortion
Missiles
 k - 2 javelins of returning (quivered)
Armour
 d - a +2 pair of gloves (worn)
 q - a +2 robe of magic resistance (worn)
Jewellery
 e - an uncursed ring of protection from magic
 f - a +6 ring of strength (right hand)
 i - a +4 ring of protection (left hand)
 m - an uncursed amulet of harm
 s - an amulet of faith (around neck)
Scrolls
 h - 2 scrolls of enchant armour
 l - 2 scrolls of recharging
 p - 2 scrolls of remove curse
Books
 b - a book of Frost

   Spells                             Type                      Level
   a - Freeze                         Ice                          1
   b - Throw Frost                    Conjuration/Ice              2
   c - Ozocubu's Armour               Charms/Ice                   3
   d - Throw Icicle                   Conjuration/Ice              4
   e - Summon Ice Beast               Ice/Summoning                4
 g - a book of Misfortune

   Spells                             Type                      Level
   a - Confusing Touch                Hexes                        1
   b - Confuse                        Hexes                        3
   c - Gell's Gravitas                Translocation                3
   d - Petrify                        Transmutation/Earth          4
   e - Metabolic Englaciation         Hexes/Ice                    5
   f - Yara's Violent Unravelling     Hexes/Transmutation          5


   Skills:
 - Level 5.2 Fighting
 * Level 1.3 Armour
 + Level 1.8 Dodging
 - Level 1.7 Stealth
 * Level 8.2 Spellcasting
 * Level 3.8 Conjurations
 - Level 1.0 Charms
 * Level 5.2 Ice Magic


You had 4 spell levels left.
You knew the following spells:

 Your Spells              Type           Power        Failure   Level  Hunger
a - Freeze                Ice            ###.         1%          1    N/A
b - Throw Frost           Conj/Ice       ###...       2%          2    N/A
c - Ozocubu's Armour      Chrm/Ice       ###.....     9%          3    N/A
d - Throw Icicle          Conj/Ice       ###.....     16%         4    N/A
e - Summon Ice Beast      Ice/Summ       ###.....     34%         4    N/A
f - Metabolic Englaciati  Hex/Ice        ###.......   67%         5    N/A

Dungeon Overview and Level Annotations

Branches:
Dungeon (7/15)             Temple (1/1) D:5

Altars:
Ashenzari
Elyvilon
Fedhas
Gozag
Hepliaklqana
Kikubaaqudgha
Makhleb
Okawaru
Qazlal
Ru
Sif Muna
Trog
Uskayaw
Vehumet
Xom
Yredelemnul
Zin
The Shining One

Shops:
D:4 *   D:7 [

Annotations:
D:4 appiemonkey's ghost, amateur GrEE


Innate Abilities, Weirdness & Mutations

You do not eat or drink.
Your flesh is vulnerable to fire.
You are immune to poison.
Your flesh is cold resistant. (rC+)
You are immune to negative energy. (rN+++)
You are immune to unholy pain and torment.
You can survive without breathing.


Message History

Casting: Ozocubu's Armour
Confirm with . or Enter, or press ? or * to list all spells.
Aiming: Throw Icicle
Press: ? - help, Shift-Dir - straight line, f - orc warrior
Aim: an orc warrior, wielding a long sword and wearing a plate armour You miscast Throw Icicle.
Sif Muna protects you from the effects of your miscast!
The orc warrior hits you with a long sword!
* * * LOW HITPOINT WARNING * * *
You can't drink.
Okay, then.
Okay, then.
Casting: Throw Icicle
Confirm with . or Enter, or press ? or * to list all spells.
Aiming: Throw Icicle
Press: ? - help, Shift-Dir - straight line, f/p - orc warrior
Aim: an orc warrior, wielding a long sword and wearing a plate armour
Okay, then.
The orc warrior hits you with a long sword!
You die...

######## #######
..[[...###.....## ###
#####.%##.......#########.#
..........P.....@...>..##<######
######.#...♣P..o##.###.#.......#
#<##.......##.# #.#..###.##
#.###.....###.# #.#..# #.# #.#
##...## #.# #†#..# #.# ######.##
#.#.# #.# #.#..# #.# ......^.#
#...# #.# #.#..# #.###
############.#####.###.#..# #.##.
.....#....................###.##.


You could see an orc warrior.

Vanquished Creatures
  Grinder (D:6)
  An ice beast (D:5)
  2 sky beasts
  2 orc warriors (D:6)
  An ogre (D:6)
  A centaur (D:6)
  A bullfrog (D:6)
  A gnoll sergeant (D:5)
  3 howler monkeys
  2 crimson imps
  A quasit (D:6)
  6 orc wizards (D:6)
  3 hounds
  3 orc priests (D:6)
  A bullfrog skeleton (D:5)
  2 iguanas
  A worker ant (D:6)
  7 gnolls
  12 adders
  2 shadow imps (D:5)
  An ooze (D:5)
  2 adder zombies
  An adder skeleton (D:5)
  2 worms (D:2)
  A dart slug (D:1)
  A leopard gecko (D:4)
  14 orcs
  2 bat zombies (D:6)
  4 giant cockroaches
  9 goblins
  4 hobgoblins
  4 jackals (D:3)
  3 quokkas
  A ball python (D:2)
  9 bats
  7 frilled lizards
  A jackal skeleton (D:4)
  8 kobolds
  2 quokka skeletons
  A quokka zombie (D:5)
  6 rats
136 creatures vanquished.

Vanquished Creatures (others)
  An orc wizard (D:6)
1 creature vanquished.

Grand Total: 137 creatures vanquished

Notes
Turn   | Place    | Note
-------+----------+-------------------------------------------
     0 | D:1      | Sunburn the Mummy Ice Elementalist began the quest for the Orb.
     0 | D:1      | Reached XP level 1. HP: 13/13 MP: 4/4
   555 | D:1      | Reached XP level 2. HP: 19/20 MP: 5/5
   561 | D:1      | Learned a level 2 spell: Throw Frost
   636 | D:1      | Reached skill level 1 in Fighting
  1225 | D:2      | Reached XP level 3. HP: 27/27 MP: 1/7
  1377 | D:2      | Learned a level 3 spell: Ozocubu's Armour
  2039 | D:2      | Reached XP level 4. HP: 33/35 MP: 4/8
  2292 | D:2      | Reached skill level 3 in Spellcasting
  2677 | D:3      | Reached skill level 1 in Charms
  2814 | D:3      | Reached XP level 5. HP: 42/42 MP: 2/9
  3169 | D:3      | Reached skill level 1 in Conjurations
  3233 | D:3      | Noticed an ogre
  3540 | D:1      | Learned a level 4 spell: Throw Icicle
  3756 | D:4      | Found Onwur's Assorted Antiques.
  3952 | D:4      | Noticed appiemonkey's ghost (amateur GrEE)
  4111 | D:5      | Entered Level 5 of the Dungeon
  4212 | D:5      | Reached skill level 4 in Spellcasting
  4212 | D:5      | Reached XP level 6. HP: 34/48 MP: 9/12
  4477 | D:5      | Found a shattered altar of Ashenzari.
  4513 | D:5      | Noticed a sky beast
  4520 | D:5      | Killed a sky beast
  4623 | D:5      | Noticed an ice beast
  4638 | D:5      | Killed an ice beast
  4638 | D:5      | Reached XP level 7. HP: 55/55 MP: 9/14
  4691 | D:5      | Reached skill level 5 in Spellcasting
  4840 | D:5      | Found a staircase to the Ecumenical Temple.
  4874 | Temple   | Entered the Ecumenical Temple
  5050 | Temple   | Became a worshipper of Sif Muna the Loreminder
  5556 | D:6      | Noticed Grinder
  5934 | D:6      | Reached skill level 6 in Spellcasting
  6351 | D:5      | Reached skill level 5 in Fighting
  6455 | D:6      | Killed Grinder
  6455 | D:6      | Reached * piety under Sif Muna
  6455 | D:6      | Reached skill level 7 in Spellcasting
  6455 | D:6      | Reached XP level 8. HP: 55/62 MP: 16/18
  6461 | D:6      | Learned a level 4 spell: Summon Ice Beast
  6467 | D:6      | Learned a level 5 spell: Metabolic Englaciation
  7058 | D:6      | Found a hide-covered altar of Uskayaw.
  7397 | D:7      | Found Gian's Armour Shoppe.
  7793 | D:6      | Found an ancient bone altar of Kikubaaqudgha.
  7813 | D:6      | Reached skill level 8 in Spellcasting
  7813 | D:6      | Reached skill level 5 in Ice Magic
  7844 | D:6      | Reached skill level 1 in Armour
  8214 | D:6      | Reached ** piety under Sif Muna
  8273 | D:5      | Slain by an orc warrior

Skill      XL: |  1  2  3  4  5  6  7  8 |
---------------+-------------------------+-----
Fighting       | 2 3 4 5 |  5.2
Spellcasting   | 3 4 7 8 |  8.2
Charms         | 1 |  1.0
Conjurations   | 1 2 3 |  3.8
Ice Magic      | 3 4 5 |  5.2
Armour         | 1 |  1.3
Dodging        | |  1.8
Stealth        | |  1.7

Action                   |  1- 3 |  4- 6 |  7- 9 || total
-------------------------+-------+-------+-------++-------
Melee: Mace              |    70 |   116 |       ||   186
       Unarmed           |     1 |       |       ||     1
       Dagger            |     1 |       |       ||     1
       Halberd           |       |    68 |   160 ||   228
Throw: Stone             |     6 |       |     1 ||     7
       Javelin           |       |     4 |     7 ||    11
 Cast: Freeze            |    23 |    19 |     7 ||    49
       Throw Frost       |     7 |    35 |    19 ||    61
       Ozocubu's Armour  |       |     4 |    10 ||    14
       Throw Icicle      |       |       |    14 ||    14
  Use: Scroll            |     6 |     6 |     2 ||    14
 Stab: Sleeping          |     2 |     3 |       ||     5
Armor: Robe              |    32 |    91 |   139 ||   262
Dodge: Dodged            |    78 |   167 |   184 ||   429
